 Dungeon Crawl Stone Soup version 0.23.2-33-g5129a83184 (webtiles) character file.

Game seed: 4381416543795277369

19838 t4s4d4r the Ogre Mage (level 12, -2/125 (126) HPs)
             Began as an Ogre Fire Elementalist on July 23, 2019.
             Was a High Priest of Sif Muna.
             Slain by an ice beast (13 damage)
             ... summoned by Fannar
             ... on level 1 of the Lair of Beasts.
             The game lasted 00:41:40 (23166 turns).

t4s4d4r the Ogre Mage (Ogre Fire Elementalist)     Turns: 23166, Time: 00:41:40

HP:   -2/125 (126)  AC:  7    Str: 15    XL:     12   Next: 73%
MP:   7/26          EV: 10    Int: 20    God:    Sif Muna [*****.]
Gold: 250           SH:  3    Dex:  9    Spells: 10/32 levels left

rFire    . . .     SeeInvis .   v - +2 trident (pierce)
rCold    . . .     Gourm    .   (no shield)
rNeg     . . .     Faith    .   a - +1 robe
rPois    +         Spirit   .   (helmet restricted)
rElec    .         Reflect  +   y - +2 cloak
rCorr    .         Harm     .   (gloves unavailable)
MR       +....                  (boots unavailable)
Stlth    +.........             A - +3 amulet of reflection
HPRegen  0.30/turn              (no ring)
MPRegen  0.20/turn              u - ring of poison resistance

@: very slightly contaminated, divine energy
A: large, unfitting armour, tough skin 1
a: Stop Divine Energy, Channel Magic, Forget Spell, Renounce Religion


You were on level 1 of the Lair of Beasts.
You worshipped Sif Muna.
Sif Muna was extremely pleased with you.
You were not hungry.

You visited 2 branches of the dungeon, and saw 15 of its levels.
You also visited: Sewer.

You collected 776 gold pieces.
You spent 526 gold pieces at shops.

Inventory:

Hand Weapons
 v - a +2 trident of piercing (weapon)
Missiles
 e - 462 stones (quivered)
 I - a throwing net
Armour
 a - a +1 robe (worn)
 y - a +2 cloak (worn)
 H - the -2 hat of the Alchemist {rElec rPois rF+ rC+ rN+ MR+ rMut rCorr}
   (You acquired it on level 11 of the Dungeon)

   It protects you from fire.
   It protects you from cold.
   It insulates you from electricity.
   It protects you from poison.
   It protects you from negative energy.
   It affects your resistance to hostile enchantments.
   It provides partial protection from all sources of acid and corrosion.
   It protects you from mutation.
Jewellery
 o - an uncursed ring of fire
 s - an uncursed amulet of the gourmand {unknown}
 t - an uncursed ring of stealth {unknown}
 u - a ring of poison resistance (right hand)
 A - a +3 amulet of reflection (around neck)
 O - a +2 ring of dexterity {unknown}
Wands
 p - a wand of iceblast (17)
 B - a wand of clouds (4)
 C - a wand of acid (11)
 M - a wand of scattershot (7)
Scrolls
 b - 2 scrolls of enchant armour
 g - a scroll of magic mapping
 h - a scroll of blinking
 j - 6 scrolls of amnesia
 l - 4 scrolls of remove curse
 m - 2 scrolls of fog
 q - 4 scrolls of fear
 r - 7 scrolls of teleportation
 w - a scroll of immolation
 K - 3 scrolls of identify
Potions
 d - 4 potions of flight
 f - 3 potions of curing
 i - 2 potions of mutation
 k - a potion of magic
 n - a potion of cancellation
 D - 2 potions of haste
 E - 2 potions of might
 F - 2 potions of lignification
 G - 4 potions of agility
 L - 3 potions of heal wounds
 N - 3 potions of brilliance
Comestibles
 c - 18 rations


   Skills:
 + Level 9.7 Fighting
 - Level 4.3 Polearms
 - Level 1.7 Dodging
 - Level 1.4 Stealth
 + Level 10.7 Spellcasting
 + Level 9.1 Conjurations
 - Level 4.3 Summonings
 + Level 9.3 Fire Magic
 - Level 4.3 Air Magic
 - Level 4.2 Evocations


You had 10 spell levels left.
You knew the following spells:

 Your Spells              Type           Power        Failure   Level  Hunger
a - Flame Tongue          Conj/Fire      #####        1%          1    None
b - Conjure Flame         Conj/Fire      #####...     1%          3    None
c - Sticky Flame          Conj/Fire      #####...     1%          4    ##.....
d - Fireball              Conj/Fire      #####.....   4%          5    ####...
e - Blink                 Tloc           N/A          10%         2    None
f - Mephitic Cloud        Conj/Pois/Air  ####....     3%          3    None
g - Summon Lightning Spi  Summ/Air       ####....     11%         4    ##.....

Your spell library contained the following spells:

 Spells                   Type           Power        Failure   Level  Hunger
 Magic Dart               Conj           ####         1%          1    None
 Call Imp                 Summ           ####....     1%          2    None
 Searing Ray              Conj           #####.       1%          2    None
 Throw Flame              Conj/Fire      #####.       1%          2    None
 Static Discharge         Conj/Air       #####...     1%          3    None
 Inner Flame              Hex/Fire       ####....     2%          3    None
 Beastly Appendage        Tmut           ##....       6%          1    None
 Slow                     Hex            ##......     10%         2    None
 Sticks to Snakes         Tmut           ##......     10%         2    None
 Spider Form              Tmut/Pois      ##........   19%         3    None
 Conjure Ball Lightning   Conj/Air       #####.....   52%         6    ######.
 Ice Form                 Ice/Tmut       ##......     54%         4    ##.....
 Silence                  Hex/Air        ###.......   58%         5    ####...
 Orb of Destruction       Conj           #####.....   77%         7    #######
 Blade Hands              Tmut           ##........   87%         5    ####...
 Borgnjor's Vile Clutch   Necr/Erth      ##........   87%         5    ####...
 Deflect Missiles         Chrm/Air       ###.......   99%         6    ######.
 Fire Storm               Conj/Fire      #####.....   100%        9    #######
 Tornado                  Air            ####......   100%        9    #######


Dungeon Overview and Level Annotations

Branches:
Dungeon (14/15)            Temple (0/1) D:7            Lair (1/6) D:8
    Orc (0/2) D:11
 Vaults: D:13-14

Altars:
Dithmenos
Elyvilon
Hepliaklqana
Kikubaaqudgha
Makhleb
Okawaru
Qazlal
Ru
Sif Muna
Uskayaw
Yredelemnul
Zin
The Shining One

Shops:
D:8 *   D:11 }%*   D:13 [

Annotations:
D:8 exclusion: 2 doors
D:9 2 runed translucent doors, HEYYEYAAE's ghost, novice TrBe
D:13 Snorg
Lair:1 Fannar


Innate Abilities, Weirdness & Mutations

You are too large for most types of armour.
You have tough skin. (AC +1)


Message History

Fannar casts a spell.
Fannar drains the heat from the surrounding environment!
You feel very cold.
Fannar is frozen.
Fannar resists.
The ice beast hits you but does no damage.
Unknown command.
You hit the ice beast.
The ice beast is severely wounded.
Fannar points at you and mumbles some strange words.
The bolt of cold hits the ice beast.
The ice beast completely resists.
The bolt of cold hits you!!
* * * LOW HITPOINT WARNING * * *
The ice beast hits you.
* * * LOW HITPOINT WARNING * * *
The ice beast freezes you!
* * * LOW HITPOINT WARNING * * *
Unknown command.
Fannar opens the door.
The ice beast hits you.
* * * LOW HITPOINT WARNING * * *
The ice beast freezes you!
You die...

# ## ##########
#######
#.##......#.###......
##.'......'...#......
#.eY......###........
.....##@.....#
###...... ...
#....÷..# #...... .
#####'### #......
#.#### ##'##P#
######....# ##.####
#.##.#.##+####......
##.....#...#(########
#P.#####.(.#.# ####
#...#....†..# #...


You could see Fannar and an ice beast.

Vanquished Creatures
  Nessos (D:13)
  2 two-headed ogres (D:12)
  An unseen horror (D:12)
  2 deep elf magi (D:14)
  3 ugly things
  A manticore (D:12)
  A black mamba (Lair:1)
  2 gargoyles
  A centaur skeleton (D:11)
  2 spiny frogs (Lair:1)
  A kobold demonologist (D:9)
  A yaktaur (shapeshifter) (D:14)
  4 komodo dragons
  A slime creature (D:12)
  3 hippogriffs
  A shadow (D:12)
  A centaur simulacrum (D:12)
  A wraith (D:11)
  2 basilisks
  9 yaks
  A hungry ghost (D:9)
  4 fire bats (D:8)
  3 vampire mosquitoes (D:14)
  An acid dragon (D:11)
  A water moccasin (Lair:1)
  A porcupine (Lair:1)
  Duvessa (D:6)
  A black bear (D:10)
  4 orc warriors
  2 sky beasts
  2 ice beasts
  4 necrophages
  6 ogres
  An eye of draining (D:12)
  3 centaurs
  4 crocodiles (Lair:1)
  11 big kobolds
  11 bullfrogs
  2 wyvern zombies
  Dowan (D:6)
  3 scorpions
  4 killer bees (D:8)
  3 howler monkeys
  8 wights
  10 crimson imps
  2 bullfrog zombies
  A centaur zombie (D:6)
  4 hounds
  2 jellies
  11 orc priests
  A gnoll shaman (D:4)
  4 bullfrog skeletons
  6 iguanas
  Ijyb (D:3)
  16 orc wizards
  10 worker ants
  2 hound skeletons
  4 mummies (D:12)
  2 worker ant zombies
  11 gnolls
  Robin (D:3)
  12 adders
  2 river rats (D:3)
  4 shadow imps
  2 oozes
  An adder skeleton (D:4)
  6 worms
  A dart slug (D:1)
  3 leopard geckos
  64 orcs
  6 ball pythons
  17 bats
  5 giant cockroaches
  19 goblins
  15 hobgoblins
  11 jackals
  4 quokkas
  9 frilled lizards
  2 goblin zombies (D:4)
  A hobgoblin zombie (D:4)
  2 jackal skeletons
  37 kobolds
  14 kobold skeletons
  7 kobold zombies
  2 leopard gecko skeletons
  2 orc zombies (D:4)
  15 rats
473 creatures vanquished.

Vanquished Creatures (others)
  A jelly (D:13)
  A fungus (Lair:1)
  A plant (Lair:1)
  A withered plant (D:12)
4 creatures vanquished.

Grand Total: 477 creatures vanquished

Notes
Turn   | Place    | Note
-------+----------+-------------------------------------------
     0 | D:1      | t4s4d4r the Ogre Fire Elementalist began the quest for the
                  | Orb.
     0 | D:1      | Reached XP level 1. HP: 16/16 MP: 3/3
    50 | D:1      | Reached skill level 1 in Conjurations
   367 | D:1      | You fall through a shaft!
   370 | D:2      | Reached XP level 2. HP: 24/24 MP: 3/5
   905 | D:1      | Reached XP level 3. HP: 30/31 MP: 2/7
  1701 | D:2      | Reached skill level 3 in Spellcasting
  1710 | D:2      | Learned a level 3 spell: Conjure Flame
  2098 | D:2      | Reached XP level 4. HP: 39/39 MP: 8/8
  2573 | D:2      | Found a hazy altar of Hepliaklqana.
  2916 | D:3      | Reached XP level 5. HP: 45/45 MP: 3/10
  3021 | D:3      | Reached skill level 1 in Fighting
  3196 | D:3      | Noticed Ijyb
  3205 | D:3      | Killed Ijyb
  3364 | D:3      | Found a glowing drain.
  3387 | Sewer    | Entered a sewer
  3623 | Sewer    | Reached XP level 6. HP: 62/62 MP: 11/11
  3980 | D:3      | Noticed Robin
  4023 | D:3      | Killed Robin
  4288 | D:3      | Found an ancient bone altar of Kikubaaqudgha.
  4461 | D:4      | HP: 3/62 [poisoned by an adder]
  4467 | D:3      | HP: 2/62 [poisoned by an adder]
  4825 | D:4      | Reached skill level 4 in Spellcasting
  4876 | D:4      | Reached XP level 7. HP: 70/70 MP: 0/13
  4977 | D:4      | Learned a level 4 spell: Sticky Flame
  5615 | D:4      | Found a glowing golden altar of the Shining One.
  5944 | D:4      | Found a white marble altar of Elyvilon.
  6029 | D:4      | Reached skill level 1 in Polearms
  6477 | D:5      | Entered Level 5 of the Dungeon
  6767 | D:4      | Reached XP level 8. HP: 29/78 MP: 2/15
  7001 | D:5      | Reached skill level 5 in Spellcasting
  7483 | D:5      | Reached skill level 5 in Fire Magic
  7864 | D:5      | Reached skill level 5 in Conjurations
  8020 | D:5      | Learned a level 5 spell: Fireball
  8035 | D:6      | Found a deep blue altar of Sif Muna.
  8058 | D:6      | Became a worshipper of Sif Muna the Loreminder
  8072 | D:6      | Noticed Duvessa
  8074 | D:6      | Noticed Dowan
  8081 | D:6      | Killed Duvessa
  8081 | D:6      | Reached skill level 6 in Spellcasting
  8086 | D:6      | Killed Dowan
  8280 | D:6      | Reached XP level 9. HP: 59/84 MP: 6/18
  8822 | D:6      | Reached * piety under Sif Muna
  9175 | D:6      | Reached skill level 7 in Spellcasting
  9376 | D:6      | Found a shadowy altar of Dithmenos.
  9663 | D:7      | Found a staircase to the Ecumenical Temple.
  9700 | D:7      | Found a stormy altar of Qazlal.
  9746 | D:7      | Reached ** piety under Sif Muna
 10490 | D:7      | Found a hide-covered altar of Uskayaw.
 10739 | D:8      | Found a staircase to the Lair.
 10835 | D:8      | Reached skill level 8 in Spellcasting
 10853 | D:8      | Found an iron altar of Okawaru.
 10860 | D:8      | Found a basalt altar of Yredelemnul.
 10889 | D:8      | Reached XP level 10. HP: 89/94 MP: 13/22
 11036 | D:8      | Reached skill level 5 in Fighting
 11037 | D:8      | Reached *** piety under Sif Muna
 11384 | D:8      | Found Cufo's General Store.
 11886 | D:8      | Bought a scroll of teleportation for 45 gold pieces
 11886 | D:8      | Bought a scroll of teleportation for 45 gold pieces
 11886 | D:8      | Bought a scroll of blinking for 112 gold pieces
 11886 | D:8      | Bought a scroll of fear for 52 gold pieces
 12866 | D:9      | Learned a level 2 spell: Blink
 13006 | D:9      | Reached skill level 9 in Spellcasting
 13273 | D:9      | Noticed a kobold demonologist
 13395 | D:9      | Killed a kobold demonologist
 13472 | D:9      | Reached **** piety under Sif Muna
 13525 | D:9      | Found a glowing silver altar of Zin.
 13596 | D:9      | Found an ancient bone altar of Kikubaaqudgha.
 13714 | D:9      | Found a burning altar of Makhleb.
 13751 | D:9      | Noticed HEYYEYAAE's ghost (novice TrBe)
 13754 | D:9      | Found a runed translucent door.
 13901 | D:9      | Found a sacrificial altar of Ru.
 14070 | D:9      | Noticed a deep elf mage
 14079 | D:9      | Noticed a sun demon
 14433 | D:9      | Found a runed translucent door.
 14436 | D:9      | Noticed a fire giant
 14499 | D:10     | Entered Level 10 of the Dungeon
 14705 | D:10     | Identified the +7 hunting sling of Plog {flame, rC++ Str+4}
 14745 | D:10     | Reached XP level 11. HP: 78/109 MP: 13/24
 14871 | D:10     | Learned a level 3 spell: Mephitic Cloud
 15411 | D:11     | Noticed a cyan ugly thing
 15553 | D:10     | Killed a cyan ugly thing
 15971 | D:11     | Reached skill level 1 in Evocations
 16232 | D:11     | Found Joree's Gadget Shoppe.
 16412 | D:11     | You fall through a shaft for 3 floors!
 16413 | D:14     | Noticed a tengu warrior
 16414 | D:14     | Noticed a deep elf mage
 16469 | D:14     | Noticed a deep elf mage
 16474 | D:14     | Killed a deep elf mage
 16839 | D:14     | Killed a deep elf mage
 16927 | D:14     | Learned a level 4 spell: Summon Lightning Spire
 16959 | D:14     | Noticed a white ugly thing
 16959 | D:14     | Noticed a white ugly thing
 16959 | D:14     | Noticed a white ugly thing
 16959 | D:14     | Noticed a white ugly thing
 16959 | D:14     | Noticed a white ugly thing
 16968 | D:14     | Found a flagged portal.
 17519 | D:13     | Noticed a cyclops
 17587 | D:12     | Reached ***** piety under Sif Muna
 17594 | D:12     | Identified Sif Muna's Guide on Destructive Black Rites (Sif
                  | Muna gifted it to you on level 12 of the Dungeon)
 17594 | D:12     | Received a gift from Sif Muna
 17632 | D:12     | Noticed a purple ugly thing
 17837 | D:11     | Found Upparot's Assorted Antiques.
 17845 | D:11     | Bought a scroll of teleportation for 102 gold pieces
 17845 | D:11     | Bought a scroll of teleportation for 102 gold pieces
 17845 | D:11     | Bought a scroll of identify for 68 gold pieces
 17847 | D:11     | Identified a scroll of acquirement
 17848 | D:11     | Found the -2 hat of the Alchemist {rElec rPois rF+ rC+ rN+
                  | MR+ rMut rCorr}
 17861 | D:11     | Found a staircase to the Orcish Mines.
 17881 | D:11     | Found Uwaibrof's Food Shoppe.
 18368 | D:11     | Reached skill level 10 in Spellcasting
 18743 | D:12     | Killed a purple ugly thing
 18745 | D:12     | Noticed a manticore
 19189 | D:12     | Noticed an unseen horror
 19192 | D:12     | Killed an unseen horror
 19208 | D:12     | Noticed a green ugly thing
 19882 | D:12     | Reached skill level 1 in Summonings
 19882 | D:12     | Reached skill level 1 in Air Magic
 19882 | D:12     | Reached XP level 12. HP: 107/122 MP: 18/26
 19935 | D:12     | Noticed a two-headed ogre
 19942 | D:12     | Killed a two-headed ogre
 20776 | D:12     | Noticed a two-headed ogre
 20782 | D:12     | Killed a two-headed ogre
 21686 | D:13     | Noticed Snorg
 21720 | D:13     | Found Juimuata's Armour Emporium.
 21720 | D:13     | Noticed Nessos
 21724 | D:13     | Killed Nessos
 22040 | Lair:1   | Entered Level 1 of the Lair of Beasts
 23155 | Lair:1   | Noticed Fannar
 23166 | Lair:1   | Slain by an ice beast

Skill      XL: |  1  2  3  4  5  6  7  8  9 10 11 12 |
---------------+-------------------------------------+-----
Conjurations   | 1 2 3 4 5 6 8 9 |  9.1
Fire Magic     | 3 4 5 7 8 9 |  9.3
Spellcasting   | 3 4 6 8 9 10 | 10.7
Fighting       | 4 7 9 |  9.7
Polearms       | 4 |  4.3
Evocations     | 4 |  4.2
Summonings     | 1 4 |  4.3
Air Magic      | 1 4 |  4.3
Dodging        | |  1.7
Stealth        | |  1.4

Action                   |  1- 3 |  4- 6 |  7- 9 | 10-12 || total
-------------------------+-------+-------+-------+-------++-------
Melee: Unarmed           |     2 |       |       |       ||     2
       Spear             |     3 |   100 |       |       ||   103
       Trident           |       |     1 |   510 |   390 ||   901
 Cast: Flame Tongue      |    60 |   146 |   187 |    97 ||   490
       Conjure Flame     |       |     1 |       |       ||     1
       Sticky Flame      |       |       |    31 |   106 ||   137
       Fireball          |       |       |       |    47 ||    47
       Mephitic Cloud    |       |       |       |    12 ||    12
Invok: Divine Energy     |       |       |     1 |       ||     1
Evoke: Wand              |       |     3 |       |     7 ||    10
  Use: Scroll            |     3 |     6 |    11 |    13 ||    33
       Potion            |       |     2 |       |       ||     2
 Stab: Sleeping          |     2 |     1 |       |     1 ||     4
       Confused          |       |       |       |     2 ||     2
  Eat: Chunk             |     4 |     9 |    22 |    20 ||    55
       Ration            |       |       |       |    12 ||    12
Armor: Robe              |    12 |    58 |   198 |   195 ||   463
Dodge: Dodged            |    21 |   112 |   276 |   241 ||   650
Block: Other             |       |       |    29 |    52 ||    81
       Reflection        |       |       |     1 |     1 ||     2
